 Dungeon Crawl Stone Soup version 0.29.1-13-g9f3cf754e1 (webtiles) character file.

Game seed: 17778076384476431289

23 Exodus22XD the Covered (level 2, 27/27 HPs)
             Began as a Minotaur Fighter on Feb 5, 2023.
             Was a Believer of Lugonu.
             Quit the game on level 1 of the Dungeon.
             The game lasted 00:00:19 (513 turns).

Exodus22XD the Covered (Minotaur Fighter)            Turns: 513, Time: 00:00:19

Health: 27/27      AC:  7    Str: 20    XL:     2   Next: 72%
Magic:  1/1        EV:  9    Int:  5    God:    Lugonu [**....]
Gold:   27         SH:  4    Dex:  9    Spells: 1/1 levels left

rFire   . . .      SeeInvis .   a - +0 war axe
rCold   . . .      Faith    .   c - +0 buckler
rNeg    . . .      Spirit   .   b - +0 scale mail
rPois   .          Reflect  .   (helmet restricted)
rElec   .          Harm     .   (no cloak)
rCorr   .          Rampage  .   (no gloves)
Will    .....                   (no boots)
Stlth   ..........              (no amulet)
HPRegen 0.09/turn               (no ring)
MPRegen 0.07/turn               (no ring)

@: no status effects
A: horns 2, retaliatory headbutt
a: Renounce Religion, Depart the Abyss, Bend Space


You were on level 1 of the Dungeon.
You worshipped Lugonu.
Lugonu was pleased with you.
You visited 1 branch of the dungeon, and saw 1 of its levels.

You collected 27 gold pieces.

Inventory:

Hand Weapons
 a - a +0 war axe (weapon)
Armour
 b - a +0 scale mail (worn)
 c - a +0 buckler (worn)
Scrolls
 f - 2 scrolls of magic mapping {unknown}
Potions
 d - a potion of might
 e - a potion of flight {unknown}


   Skills:
 + Level 4.0 Fighting
 + Level 2.8 Axes
 + Level 4.0 Armour
 + Level 3.9 Shields


You had one spell level left.
You didn't know any spells.
Your spell library was empty.

Dungeon Overview and Level Annotations

Branches:
Dungeon (1/15)

Altars:
Lugonu


Innate Abilities, Weirdness & Mutations

You have a pair of horns on your head.
You reflexively headbutt those who attack you in melee.


Message History

You see here a hobgoblin corpse.
An endoplasm comes into view.
The endoplasm quivers.
An endoplasm is nearby!
An endoplasm is nearby!
The endoplasm barely misses you. You furiously retaliate!
You headbutt the endoplasm, but do no damage.
An endoplasm is nearby!
You hit the endoplasm.
The endoplasm is severely wounded.
The endoplasm freezes you.
You are frozen.
An endoplasm is nearby!
You hit the endoplasm.
You kill the endoplasm!
A goblin comes into view. It is wielding a +0 club.
The goblin shouts!
A goblin is nearby!
A goblin is nearby!
A goblin is nearby!
You block the goblin's attack.
A goblin is nearby!
You barely miss the goblin. The goblin hits you but does no damage.
You block the goblin's attack.
You barely miss the goblin. You headbutt the goblin.
The goblin is heavily wounded.
You block the goblin's attack.
A goblin is nearby!
You slash the goblin!
You kill the goblin!
No target in view!
Things that are here:
a +0 club; a goblin corpse
Found a faded altar of an unknown god.
There is a faded altar of an unknown god here.
You cannot tell which god this altar belongs to.
Convert to them anyway?
Lugonu accepts your prayer! Lugonu welcomes you!
You can now depart the Abyss.
You can now bend space around yourself.
Are you sure you want to abandon this character and quit the game? (Confirm with "yes".)

#.##.#.#.####.^...#.###.#
#.#.###.............# #.#
#.##.#.#.####.......###.######
#.###.##.# ##.........†.)....
#.###.##.######......#########
#............ ###...## #
#####.######### ##.## # #.#
###⌠#⌠#⌠##.# #
#.###....@.....# #
#.....#⌠#⌠#⌠##+# ######
#.###.##### # #.....
#.###.##.# #.#### #........#
#.##.. ##)...#### ##.#...
#.......+ +...... #....####
##.#... #.#.## #.....


There were no monsters in sight!

Vanquished Creatures
  2 ball pythons (D:1)
  5 endoplasms (D:1)
  2 giant cockroaches (D:1)
  3 goblins (D:1)
  A hobgoblin (D:1)
  A kobold (D:1)
  2 bats (D:1)
  2 frilled lizards (D:1)
  A rat (D:1)
19 creatures vanquished.

Notes
Turn   | Place    | Note
-------+----------+-------------------------------------------
     0 | D:1      | Exodus22XD the Minotaur Fighter began the quest for the
                  | Orb.
     0 | D:1      | Reached XP level 1. HP: 19/19 MP: 0/0
   221 | D:1      | Reached XP level 2. HP: 27/27 MP: 1/1
   507 | D:1      | Found a faded altar of an unknown god.
   512 | D:1      | Prayed at the altar of an unknown god.
   512 | D:1      | Became a worshipper of Lugonu the Unformed
   512 | D:1      | Reached * piety under Lugonu
   512 | D:1      | Reached ** piety under Lugonu
   513 | D:1      | Quit the game

Illustrated notes

Levels and vault maps discovered:
D:1:      eino_arrival_druids_welcome, layout_loops_corners,
          ebering_ecumenical_altar_hall, minmay_tripent

Skill      XL: |  1  2 |
---------------+-------+-----
Armour         | 4 |  4.0
Fighting       | 4 |  4.0
Axes           | |  2.8
Shields        | |  3.9

Action                   || total
-------------------------++-------
Melee: War axe           ||    30
       Headbutt          ||     5
Armor: Scale mail        ||    15
Dodge: Dodged            ||     8
Block: Buckler           ||     6
